 Dungeon Crawl Stone Soup version 0.28-a0-691-gad6df49e81 (webtiles) character file.

Game seed: 9509547624856662543

234 kae the Ruffian (level 5, -4/44 HPs)
             Began as a Draconian Transmuter on Oct 20, 2021.
             Killed from afar by an orc wizard (9 damage)
             ... with a puff of flame
             ... on level 3 of the Dungeon.
             The game lasted 00:03:49 (3967 turns).

kae the Ruffian (Draconian Transmuter)              Turns: 3967, Time: 00:03:50

Health: -4/44      AC:  5    Str: 13    XL:     5   Next: 75%
Magic:  8/17       EV: 12    Int: 14    God:
Gold:   495        SH:  0    Dex: 11    Spells: 0/8 levels left

rFire   . . .      SeeInvis .     - Unarmed
rCold   . . .      Faith    .   (no shield)
rNeg    . . .      Spirit   .   (armour unavailable)
rPois   .          Reflect  .   (helmet currently unavailable)
rElec   .          Harm     .   (no cloak)
rCorr   .          Rampage  .   (no gloves)
Will    .....                   (boots currently unavailable)
Stlth   +.........              (no amulet)
HPRegen 0.14/turn               e - ring of magical power
MPRegen 0.15/turn               (no ring)

@: lethally poisoned (-4 -> -7), appendages (expiring), very slightly
contaminated
A: horns 2, talons 2, AC +5, unfitting armour, cold-blooded
a: End Transformation


You were on level 3 of the Dungeon.
You had temporarily grown beastly horns and talons.
You visited 1 branch of the dungeon, and saw 4 of its levels.

You collected 615 gold pieces.
You spent 120 gold pieces at shops.

Inventory:

Hand Weapons
 c - a +1 dagger of venom
Jewellery
 e - a ring of magical power (left hand)
Wands
 g - a wand of flame (23)
Scrolls
 a - 2 scrolls of identify
 b - a scroll of teleportation
 l - a scroll of enchant weapon {unknown}
Potions
 d - a potion of haste
 f - 2 potions of heal wounds {unknown}
 h - a potion of curing
 i - a potion of attraction
 j - a potion of might
 k - 2 potions of berserk rage {unknown}


   Skills:
 + Level 2.8 Fighting
 - Level 1.7 Dodging
 * Level 4.6 Unarmed Combat
 - Level 2.0 Spellcasting
 + Level 3.1 Transmutations
 * Level 1.2 Ice Magic
 * Level 2.0 Poison Magic


You couldn't memorise any spells.
You knew the following spells:

 Your Spells              Type           Power      Damage    Failure   Level
a - Beastly Appendage     Tmut           20%        N/A       7%          1
b - Spider Form           Tmut/Pois      4%         N/A       24%         3
c - Ice Form              Ice/Tmut       7%         N/A       67%         4

Your spell library contained the following spells:

 Spells                   Type           Power      Damage    Failure   Level
 Wereblood                Tmut           10%        N/A       10%         2


Dungeon Overview and Level Annotations

Branches:
Dungeon (4/15)
 Temple: D:4-7

Altars:

Shops:
D:1 :   D:3 !


Innate Abilities, Weirdness & Mutations

You have temporarily grown beastly horns and talons.
Your plain brown scales are hard. (AC +5)
You cannot fit into any form of body armour.
You are cold-blooded and may be slowed by cold attacks.


Message History

Deactivating autopickup; reactivate with Ctrl-A.
The orc hits you but does no damage.
You hit the orc but do no damage.
The orc is severely wounded.
Something hits you but does no damage. The orc hits you with a +0 trident.
You hit the orc but do no damage.
The orc is severely wounded.
Your transformation is almost over.
Something hits you. The orc misses you.
You hit the orc but do no damage. Your kick misses the orc.
Your headbutt misses the orc.
You tail-slap the orc, but do no damage.
The orc is severely wounded.
Something hits you. The orc closely misses you.
Casting: Beastly Appendage (safe; 7% risk of failure)
Confirm with . or Enter, or press ? or * to list all spells.
The spell is quite dangerous to cast (24% risk of failure)!
Continue anyway? [Y]es or [N]o only, please.
The spell is quite dangerous to cast (24% risk of failure)!
Continue anyway?
You miscast Spider Form.
You are very lightly contaminated with residual magic.
Nothing appears to happen.
Something hits you but does no damage. The orc hits you with a +0 trident.
You hit the orc. You claw the orc. You headbutt the orc.
You kill the orc!
Something hits you but does no damage.
Casting: Spider Form (quite dangerous; 24% risk of failure)
Confirm with . or Enter, or press ? or * to list all spells.
The spell is quite dangerous to cast (24% risk of failure)!
Continue anyway? [Y]es or [N]o only, please.
The spell is quite dangerous to cast (24% risk of failure)!
Continue anyway?
You miscast Spider Form.
You feel rather nauseous for a moment!
You are poisoned.
* * * LOW HITPOINT WARNING * * *
x2 You feel sick.
Something hits you but does no damage.
You closely miss something. Your kick misses something.
You feel sick.
You hear some strange, mumbled words.
A puff of flame appears from out of thin air!
The puff of flame hits you!
You die...

..........######.#
..........# #.#
..........## #.#
#####......# #[#
#..)...# #.# #......#
#.# ###...## #.#
#######...######)#
...............{@#
##################
########################
.......................#
.....#################.#
.....# #.........####.#
.....# #.#######...##.#


There were no monsters in sight!

Vanquished Creatures
  A jelly (D:3)
  An orc priest (D:3)
  2 orc wizards (D:4)
  A hound skeleton (D:4)
  An adder (D:3)
  2 worms
  5 dart slugs
  14 orcs
  5 endoplasms
  2 giant cockroaches
  12 goblins
  3 hobgoblins
  4 jackals (D:3)
  5 kobolds
  A quokka (D:4)
  3 ball pythons
  4 bats
  5 frilled lizards
  4 rats
75 creatures vanquished.

Notes
Turn   | Place    | Note
-------+----------+-------------------------------------------
     0 | D:1      | kae the Draconian Transmuter began the quest for the Orb.
     0 | D:1      | Reached XP level 1. HP: 16/16 MP: 3/3
   110 | D:1      | Reached XP level 2. HP: 23/23 MP: 3/5
   181 | D:1      | Found Yghax's Book Shoppe.
   590 | D:1      | Reached XP level 3. HP: 24/29 MP: 4/6
  1049 | D:1      | Learned a level 3 spell: Spider Form
  1420 | D:2      | You fall into a shaft and drop 2 floors!
  1502 | D:4      | Reached skill level 4 in Unarmed Combat
  1676 | D:4      | Reached XP level 4. HP: 25/31 MP: 7/7
  1705 | D:4      | Noticed an orc warrior
  2547 | D:2      | Identified a scroll of acquirement
  2547 | D:2      | Acquired 373 gold pieces
  2879 | D:3      | Found a faded altar of an unknown god.
  3017 | D:3      | Reached skill level 1 in Poison Magic
  3390 | D:3      | Found Qipt's Distillery.
  3406 | D:3      | Bought a potion of curing for 36 gold pieces
  3406 | D:3      | Bought a potion of attraction for 36 gold pieces
  3406 | D:3      | Bought a potion of might for 48 gold pieces
  3508 | D:3      | Reached XP level 5. HP: 40/40 MP: 8/8
  3647 | D:3      | Learned a level 4 spell: Ice Form
  3937 | D:4      | Reached skill level 1 in Ice Magic
  3967 | D:3      | Killed from afar by an orc wizard

Illustrated notes

Levels and vault maps discovered:
D:1:      lightli_arrival_flooded_house, layout_basic, serial_shops,
          nicolae_shop_statue_plus
D:2:      layout_basic
D:3:      layout_basic, basic_ecumenical_altar, serial_shops, shop_coins
D:4:      layout_basic

Skill      XL: |  1  2  3  4  5 |
---------------+----------------+-----
Fighting       | 2 |  2.8
Unarmed Combat | 4 |  4.6
Poison Magic   | 1 2 |  2.0
Transmutations | 3 |  3.1
Ice Magic      | 1 |  1.2
Dodging        | |  1.7
Spellcasting   | |  2.0

Action                   |  1- 3 |  4- 6 || total
-------------------------+-------+-------++-------
Melee: Unarmed           |    94 |   117 ||   211
       Kick              |    14 |    16 ||    30
       Headbutt          |     9 |     7 ||    16
       Tailslap          |     5 |    12 ||    17
       Punch             |     1 |       ||     1
 Cast: Beastly Appendage |    20 |    16 ||    36
       Spider Form       |     1 |     4 ||     5
  Use: Scroll            |       |     3 ||     3
Armor: Skin              |    21 |    40 ||    61
Dodge: Dodged            |    47 |    96 ||   143

Table legend: (Time is in decaauts)
 A = Elapsed time spent in this place.
 B = Non-inter-level travel time spent in this place.
 C = Inter-level travel time spent in this place.
 D = Time resting spent in this place.
 E = Time spent auto-exploring this place.
 F = Levels seen in this place.
 G = Mean time per level.
                   A        B        C        D        E       F      G
               +--------+--------+--------+--------+--------+-----+--------+
         Total |   3961 |   3876 |     85 |    317 |   2940 |   4 |  990.2 |
       Dungeon |   3961 |   3876 |     85 |    317 |   2940 |   4 |  990.2 |
               +--------+--------+--------+--------+--------+-----+--------+

Top non-repeatable levels by time:
     D:1: 1361 daAuts
     D:3: 1152 daAuts
     D:2: 917 daAuts
     D:4: 529 daAuts
